 Dungeon Crawl Stone Soup version 0.30-a0-591-g3c58d2bc28 (webtiles) character file.

Game seed: 3319891640402809574

210 wormed the Changer (level 5, -2/34 HPs)
             Began as an Octopode Transmuter on Jan 5, 2023.
             Was an Elder of Jiyva.
             Slain by Edmund
             ... wielding a +1 heavy dire flail
              (22 damage)
             ... on level 4 of the Dungeon.
             The game lasted 00:03:56 (2650 turns).

wormed the Changer (Octopode Transmuter)            Turns: 2650, Time: 00:03:57

Health: -2/34      AC:  1    Str:  9    XL:     5   Next: 87%
Magic:  9/9        EV: 13    Int: 24    God:    Jiyva [****..]
Gold:   76         SH:  0    Dex: 12    Spells: 2/9 levels left

rFire   . . .      SeeInvis .    h - staff of cold
rCold   + . .      Faith    .    (no shield)
rNeg    . . .      Spirit   .    (helmet currently unavailable)
rPois   .          Reflect  .    (no amulet)
rElec   .          Harm     .    c - +6 ring of intelligence
rCorr   +          Rampage  .    (no ring)
Will    .....                    (no ring)
Stlth   ++                       (no ring)
HPRegen 3.13/turn                (no ring)
MPRegen 0.51/turn                (no ring)
                                 (no ring)
                                 (no ring)

@: appendages, wereblooded
A: tentacle spike 3, almost no armour, amphibious, 8 rings, camouflage 1,
gelatinous body 1, (nimble swimmer 1), tentacles, regeneration 2, tendrils,
jelly sensing items
a: End Transformation, Renounce Religion, Oozemancy, Slimify


You were on level 4 of the Dungeon.
You worshipped Jiyva.
Jiyva was greatly pleased with you.
One of your tentacles had grown a beastly spike.
You visited 1 branch of the dungeon, and saw 4 of its levels.

You collected 96 gold pieces.
You spent 20 gold pieces at shops.

Inventory:

Magical Staves
 h - a staff of cold (weapon)
Jewellery
 c - a +6 ring of intelligence (left tentacle)
Scrolls
 b - a scroll of enchant weapon
 d - a scroll of magic mapping
 e - a scroll of fog
 f - a scroll of blinking {unknown}
 g - a scroll of teleportation {unknown}
 i - a scroll of immolation {unknown}
Potions
 a - 2 potions of lignification


   Skills:
 + Level 2.1 Fighting
 + Level 2.7 Dodging
 + Level 3.5 Unarmed Combat
 + Level 2.7 Spellcasting
 * Level 3.6 Transmutations
 + Level 1.8 Ice Magic


You had 2 spell levels left.
You knew the following spells:

 Your Spells              Type           Power      Damage    Failure   Level
a - Beastly Appendage     Tmut           40%        N/A       2%          1
b - Wereblood             Tmut           20%        N/A       3%          2
c - Ice Form              Ice/Tmut       24%        N/A       36%         4

Your spell library contained the following spells:

 Spells                   Type           Power      Damage    Failure   Level
 Spider Form              Tmut/Pois      11%        N/A       16%         3


Dungeon Overview and Level Annotations

Branches:
Dungeon (4/15)
 Temple: D:4-7

Altars:
Gozag
Jiyva

Shops:
D:1 **[

Annotations:
D:4 Edmund


Innate Abilities, Weirdness & Mutations

One of your tentacles has grown a beastly spike.
You cannot wear most types of armour.
You are amphibious.
You can wear up to eight rings at the same time.
Your skin changes colour to match your surroundings (Stealth+).
Your rubbery body absorbs attacks. (AC +1, EV +1)
((You are camouflaged when in or above water. (Stealth+)))
You have tentacles for arms and can constrict up to eight enemies at once.
You heal very quickly.
You are covered in slimy tendrils that may disarm your opponents.
You have a small jelly attached to you that senses nearby items.


Message History

You hit the iguana.
The iguana is almost dead.
You constrict the iguana.
You feel a bit better.
You kill the iguana!
HP restored.
You howl as the wereblood boils in your veins!
You howl as the wereblood boils in your veins!
Your primal bloodlust is almost over.
Found a glowing scarf.
Your primal bloodlust has ended.
Found a stone staircase leading down.
Edmund the Younger comes into view.
He is wielding a +1 heavy dire flail.
Edmund moves out of view.
Edmund shouts!
Casting: Wereblood (safe; 3% risk of failure)
Confirm with . or Enter, or press ? or * to list all spells.
One of your tentacles grows a vicious spike.
Casting: Beastly Appendage (safe; 2% risk of failure)
Confirm with . or Enter, or press ? or * to list all spells.
Your blood is infused with primal strength.
Edmund gestures with his flail.
You closely miss Edmund. You grab Edmund.
You pierce Edmund.
You squeeze Edmund.
Edmund is moderately wounded.
You constrict Edmund, but do no damage.
Edmund hits you with a +1 heavy dire flail!
You hit Edmund but do no damage. You squeeze Edmund, but do no damage.
Edmund is moderately wounded.
You constrict Edmund, but do no damage.
Edmund hits you with a +1 heavy dire flail!
You hit Edmund but do no damage. You squeeze Edmund, but do no damage.
Edmund is moderately wounded.
You constrict Edmund, but do no damage.
Okay, then.
You release your grip on Edmund.
Edmund mutters, "Who needs spells, anyway?"
Edmund attacks as you move away!
Edmund hits you with a +1 heavy dire flail!!
Ouch! That really hurt!
You die...

##.. ##.##...### ##...###
.#..###.....#############
.####...#######.........#
..#...####...#..........#
#...###..#...#..........#
#.###....#...#.........J#
#.#...>..#...##.........#
#........#...##.........#
..#.######......@@......#
..#..........##...#######
..#..........######
..#..........#
..#..........#
..#..........#
..#..........#
..############


You could see Edmund and a neutral jelly (wandering) (fellow slime).

Vanquished Creatures
  A hound (D:2)
  Jessica (D:3)
  An iguana (D:4)
  Natasha (D:2)
  A gnoll (D:1)
  3 adders
  3 worms
  2 dart slugs
  2 endoplasms (D:1)
  2 giant cockroaches (D:1)
  6 goblins
  7 hobgoblins
  2 jackals (D:2)
  2 quokkas (D:1)
  5 ball pythons
  6 bats
  4 frilled lizards
  6 kobolds
  3 rats
58 creatures vanquished.

Vanquished Creatures (others)
  A scorpion (D:4)
  4 jellies
  An iguana (D:4)
  3 adders
  A worm (D:4)
  3 endoplasms
  3 orcs (D:4)
  A ball python (D:1)
  A bat (D:2)
  A giant cockroach (D:1)
  A goblin (D:2)
  2 hobgoblins
  2 jackals (D:2)
  5 kobolds
  A rat (D:3)
30 creatures vanquished.

Grand Total: 88 creatures vanquished

Notes
Turn   | Place    | Note
-------+----------+-------------------------------------------
     0 | D:1      | wormed the Octopode Transmuter began the quest for the Orb.
     0 | D:1      | Reached XP level 1. HP: 13/13 MP: 3/3
   184 | D:1      | Reached XP level 2. HP: 18/18 MP: 3/5
   208 | D:1      | Found Onium's Antique Armour Emporium.
   212 | D:1      | Found a faded altar of an unknown god.
   239 | D:1      | Prayed at the altar of an unknown god.
   239 | D:1      | Became a worshipper of Jiyva Jiasedec the Shapeless
   239 | D:1      | Reached * piety under Jiyva
   437 | D:1      | Reached ** piety under Jiyva
   477 | D:1      | Found Fuxzul's General Store.
   526 | D:1      | Found Gamianeo's General Store.
   531 | D:1      | Bought a scroll of identify for 20 gold pieces
   771 | D:1      | Reached XP level 3. HP: 21/23 MP: 6/6
  1087 | D:2      | Noticed Natasha
  1096 | D:2      | Killed Natasha
  1097 | D:2      | Reached skill level 1 in Ice Magic
  1097 | D:2      | Reached XP level 4. HP: 22/28 MP: 7/7
  1100 | D:2      | Learned a level 2 spell: Wereblood
  1105 | D:2      | Learned a level 4 spell: Ice Form
  1329 | D:2      | Reached *** piety under Jiyva
  1400 | D:2      | Reached XP level 5. HP: 25/34 MP: 8/8
  1671 | D:2      | Gained mutation: You are covered in slimy tendrils that may
                  | disarm your opponents. [Jiyva's grace]
  1671 | D:2      | Gained mutation: You have a small jelly attached to you
                  | that senses nearby items. [Jiyva's grace]
  1671 | D:2      | Gained mutation: Your natural rate of healing is unusually
                  | fast. [Jiyva's grace]
  1671 | D:2      | Gained mutation: You heal very quickly. [Jiyva's grace]
  1860 | D:3      | Noticed Jessica
  1866 | D:3      | Killed Jessica
  2149 | D:3      | Reached **** piety under Jiyva
  2258 | D:4      | Found an opulent altar of Gozag.
  2413 | D:4      | Identified the +8 dagger of Vanity {freeze, *Rage rN++}
  2637 | D:4      | Noticed Edmund
  2650 | D:4      | Slain by Edmund

Illustrated notes

Levels and vault maps discovered:
D:1:      kilobyte_arrival_exit_the_forest, layout_basic,
          basic_ecumenical_altar, serial_shops, shop_fountains,
          nicolae_shop_stone, nicolae_shop_statue_plus
D:2:      layout_basic, uniq_natasha
D:3:      layout_basic, uniq_jessica
D:4:      minmay_skewed_foursquare, layout_gridville,
          mainiacjoe_overflow_catwalk, uniq_edmund

Skill      XL: |  1  2  3  4  5 |
---------------+----------------+-----
Ice Magic      | 1 |  1.8
Transmutations | 3 |  3.6
Fighting       | 2 |  2.1
Dodging        | |  2.7
Unarmed Combat | |  3.5
Spellcasting   | |  2.7

Action                   |  1- 3 |  4- 6 || total
-------------------------+-------+-------++-------
Melee: Unarmed           |    54 |    63 ||   117
       Tentacles         |    16 |    11 ||    27
       Constrict         |    15 |    18 ||    33
       Kick              |    12 |    24 ||    36
       Punch             |       |     5 ||     5
       Staff             |       |    14 ||    14
 Cast: Beastly Appendage |    15 |    22 ||    37
       Wereblood         |       |     9 ||     9
  Use: Scroll            |     2 |     1 ||     3
 Stab: Sleeping          |     7 |     3 ||    10
Armor: Skin              |     4 |     7 ||    11
Dodge: Dodged            |    28 |    58 ||    86

Table legend: (Time is in decaauts)
 A = Elapsed time spent in this place.
 B = Non-inter-level travel time spent in this place.
 C = Inter-level travel time spent in this place.
 D = Time resting spent in this place.
 E = Time spent auto-exploring this place.
 F = Levels seen in this place.
 G = Mean time per level.
                   A        B        C        D        E       F      G
               +--------+--------+--------+--------+--------+-----+--------+
         Total |   2643 |   2528 |    115 |      0 |   2091 |   4 |  660.8 |
       Dungeon |   2643 |   2528 |    115 |      0 |   2091 |   4 |  660.8 |
               +--------+--------+--------+--------+--------+-----+--------+

Top non-repeatable levels by time:
     D:1: 1029 daAuts
     D:2: 694 daAuts
     D:3: 524 daAuts
     D:4: 395 daAuts
